 Dungeon Crawl Stone Soup version 0.19-a0-1704-gbd66c22 (webtiles) character file.

314 Amnesiac the Digger (level 6, -2/41 HPs)
             Began as a Formicid Earth Elementalist on Sept 27, 2016.
             Slain by a bullfrog skeleton (4 damage)
             ... on level 5 of the Dungeon.
             The game lasted 00:05:23 (1907 turns).

Amnesiac the Digger (Formicid Earth Elementalist)   Turns: 1907, Time: 00:05:24

Health: -2/41      AC:  4    Str: 13    XL:     6   Next: 72%
Magic:  2/10       EV: 12    Int: 14    God:
Gold:   136        SH:  0    Dex: 13    Spells: 3 memorised, 4 levels left

rFire  . . .     SeeInvis +     (no weapon)
rCold  . . .     Gourm    .     c - +0 robe
rNeg   + . .     Faith    .     (no shield)
rPois  .         Spirit   .     (helmet unavailable)
rElec  .         Dismiss  .     (no cloak)
rCorr  .         Reflect  .     (no gloves)
MR     .....     Harm     .     g - +0 pair of boots
Stlth  ++........               (no amulet)
                                (no ring)
                                h - ring of positive energy

@: no status effects
A: permanent stasis, dig shafts and tunnels, four strong arms, antennae 3
a: Dig, Shaft Self


You were on level 5 of the Dungeon.
You were not hungry.

You visited 1 branch of the dungeon, and saw 5 of its levels.

You collected 136 gold pieces.

Inventory:

Hand Weapons
 i - a +1 dagger of holy wrath
Armour
 c - a +0 robe (worn)
 g - a +0 pair of boots (worn)
Jewellery
 h - a ring of positive energy (left hand)
Wands
 m - a wand of iceblast (12/15)
 r - a wand of iceblast (9/15)
Scrolls
 k - a scroll of amnesia
 s - a scroll of fear {unknown}
Potions
 a - a potion of might {unknown}
 f - a potion of cancellation {unknown}
 l - a potion of brilliance {unknown}
 o - a potion of heal wounds {unknown}
 p - a potion of haste {unknown}
 u - a potion of curing {unknown}
Books
 e - a book of Geomancy

   Spells                             Type                      Level
   a - Sandblast                      Earth                        1
   b - Passwall                       Transmutation/Earth          2
   c - Stone Arrow                    Conjuration/Earth            3
   d - Petrify                        Transmutation/Earth          4
   e - Lee's Rapid Deconstruction     Earth                        5
Comestibles
 d - 2 bread rations
 j - 2 slices of pizza


   Skills:
 - Level 2.2 Short Blades
 - Level 1.7 Dodging
 - Level 3.1 Stealth
 - Level 3.0 Spellcasting
 + Level 3.4 Transmutations
 - Level 6.1 Earth Magic


You had 4 spell levels left.
You knew the following spells:

 Your Spells              Type           Power        Failure   Level  Hunger
e - Petrify               Tmut/Erth      ###.....     30%         4    #####..
f - Sandblast             Erth           ###...       1%          1    #......
v - Passwall              Tmut/Erth      ###.......   4%          2    ##.....


Dungeon Overview and Level Annotations

Branches:
Dungeon (5/15)
 Temple: D:4-7

Altars:
The Shining One


Innate Abilities, Weirdness & Mutations

You are under a permanent stasis effect.
You can dig through walls and to a lower floor.
Your four strong arms can wield two-handed weapons with a shield.
You have a pair of large antennae on your head. (SInv)


Message History

Aim: an iguana (almost dead)
The blast of sand hits the bullfrog skeleton.
The bullfrog skeleton is lightly damaged.
The bullfrog skeleton hits you.
* * * LOW HITPOINT WARNING * * *
The bullfrog skeleton closely misses you.
Unknown command.
An adder and an orc come into view.
The adder hisses angrily.
Found 11 gold pieces.
Casting: Sandblast
Confirm with . or Enter, or press ? or * to list all spells.
Aiming: Sandblast
Press: ? - help, Shift-Dir - straight line, f/p - iguana
Aim: an iguana (almost dead)
The blast of sand hits the bullfrog skeleton.
The bullfrog skeleton is lightly damaged.
The orc shouts!
The bullfrog skeleton hits you.
You die...

... .# ≈≈≈≈≈≈$?≈≈≈ ..
#.##≈≈≈≈≈≈≈≈.≈≈≈ o S.
....≈≈≈≈≈≈≈...≈≈ $. #.
#.#..≈≈≈≈≈≈.<.≈≈ ...# #.
#.##≈≈≈≈#≈≈..♣≈≈
.....#.##.##≈≈≈≈≈≈≈#.≈≈≈
.............†≈≈≈≈≈≈.≈#≈
.......@Zl....≈≈≈≈.≈$<≈≈
.#.#.#.##....#≈≈≈≈†.<.≈≈
#. #..#...≈≈≈#≈≈≈≈† #.
#..#.#.#.#≈#≈≈≈≈ #.
#..#.#....≈≈.≈≈# #.
..........##.#.#
........#....##...#
#)##..####...####.# #.
#..# #...# .#


You could see an iguana, an adder, an orc and a bullfrog skeleton.

Vanquished Creatures
  A vampire bat (D:4)
  2 howler monkeys (D:4)
  A crimson imp (D:4)
  A centaur skeleton (D:4)
  A bullfrog skeleton (D:4)
  2 worker ants (D:4)
  An adder (D:3)
  6 dart slugs
  4 orcs
  9 bats
  2 hobgoblins
  4 jackals (D:4)
  A kobold (D:1)
  5 frilled lizards
  A kobold skeleton (D:4)
  2 kobold zombies (D:4)
43 creatures vanquished.

Notes
Turn   | Place    | Note
-------+----------+-------------------------------------------
     0 | D:1      | Amnesiac the Formicid Earth Elementalist began the quest for the Orb.
     0 | D:1      | Reached XP level 1. HP: 13/13 MP: 3/3
   306 | D:3      | Reached skill level 4 in Earth Magic
   306 | D:3      | Reached XP level 2. HP: 19/19 MP: 2/5
   341 | D:3      | Learned a level 2 spell: Passwall
   515 | D:4      | Noticed a howler monkey
   519 | D:4      | Killed a howler monkey
   519 | D:4      | Reached XP level 3. HP: 24/24 MP: 2/6
   519 | D:4      | Reached XP level 4. HP: 30/30 MP: 2/7
   572 | D:4      | Learned a level 4 spell: Petrify
   750 | D:4      | Reached skill level 1 in Short Blades
   750 | D:4      | Reached XP level 5. HP: 35/35 MP: 4/8
  1154 | D:4      | Reached skill level 5 in Earth Magic
  1154 | D:4      | Reached XP level 6. HP: 23/41 MP: 3/9
  1269 | D:4      | Found a glowing golden altar of the Shining One.
  1525 | D:4      | Reached skill level 6 in Earth Magic
  1725 | D:5      | Entered Level 5 of the Dungeon
  1905 | D:5      | HP: 2/41 [bullfrog skeleton (1)]
  1907 | D:5      | Slain by a bullfrog skeleton

Vault maps used:
D:1:      minmay_arrival_loop, minmay_pentomino_s2
D:2:      ecumenical_altar_2, elyvilon_altar_1
D:4:      first_bread, roderic_batcave, serial_park_tiny_pond,
          nicolae_tso_besieged_by_evil
D:5:      kennysheep_slugbush, minmay_mini_ossuary, uniq_menkaure

Skill      XL: |  1  2  3  4  5  6 |
---------------+-------------------+-----
Earth Magic    | 4 5 6 |  6.1
Transmutations | 3 |  3.4
Short Blades   | 1 2 |  2.2
Stealth        | 3 |  3.1
Spellcasting   | 3 |  3.0
Dodging        | |  1.7

Action                   |  1- 3 |  4- 6 || total
-------------------------+-------+-------++-------
Melee: Unarmed           |    10 |       ||    10
       Dagger            |       |     4 ||     4
 Cast: Sandblast         |    17 |    69 ||    86
       Passwall          |       |     4 ||     4
  Use: Scroll            |     1 |     1 ||     2
  Eat: Chunk             |       |     4 ||     4
Armor: Robe              |     7 |    26 ||    33
Dodge: Dodged            |    20 |    44 ||    64
